 Dungeon Crawl Stone Soup version 0.22.1-6-g1668fe2c40 (webtiles) character file.

67 Peloso the Shield-Bearer (level 3, -2/33 HPs)
             Began as a Minotaur Fighter on Jan 22, 2019.
             Slain by a gnoll
             ... wielding a +0 halberd
              (13 damage)
             ... on level 3 of the Dungeon.
             The game lasted 00:02:59 (1551 turns).

Peloso the Shield-Bearer (Minotaur Fighter)         Turns: 1551, Time: 00:03:00

Health: -2/33      AC:  9    Str: 20    XL:     3   Next: 98%
Magic:  2/2        EV:  5    Int:  5    God:
Gold:   194        SH:  9    Dex: 10    Spells: 2/2 levels left

rFire    . . .     SeeInvis .   a - +0 long sword
rCold    . . .     Gourm    .   c - +0 shield
rNeg     . . .     Faith    .   g - +0 chain mail
rPois    .         Spirit   .   (helmet restricted)
rElec    .         Reflect  .   (no cloak)
rCorr    .         Harm     .   (no gloves)
MR       .....     Rnd*Tele +   (no boots)
Stlth    ..........             (no amulet)
HPRegen  0.11/turn              o - ring of teleportation (curse)
MPRegen  0.08/turn              (no ring)

@: no status effects
A: retaliatory headbutt, horns 2
a: no special abilities


You were on level 3 of the Dungeon.
You were very hungry.

You visited 1 branch of the dungeon, and saw 3 of its levels.

You collected 194 gold pieces.

Inventory:

Hand Weapons
 a - a +0 long sword (weapon)
Armour
 b - a +0 scale mail
 c - a +0 shield (worn)
 g - a +0 chain mail (worn)
Jewellery
 o - a cursed ring of teleportation (left hand)
Scrolls
 h - a scroll of magic mapping {unknown}
 j - a scroll of fear {unknown}
 m - a scroll of remove curse {unknown}
 n - a scroll of blinking {unknown}
 p - a scroll of identify {unknown}
 u - 2 scrolls of teleportation {unknown}
Potions
 d - a potion of might
 e - a potion of curing {unknown}
 i - a potion of resistance {unknown}
 k - a potion of ambrosia {unknown}
 l - 3 potions of flight {unknown}
 q - 3 potions of brilliance {unknown}
 r - a potion of magic {unknown}
 s - a potion of heal wounds {unknown}
Comestibles
 f - 4 rations


   Skills:
 + Level 4.1 Fighting
 + Level 3.2 Long Blades
 + Level 4.1 Armour
 + Level 0.1 Dodging
 + Level 4.6 Shields


You had 2 spell levels left.
You didn't know any spells.
Your spell library contained the following spells:

 Spells                   Type           Power        Failure   Level  Hunger
 Poison Arrow             Conj/Pois      #.........   100%        6    #######
 Chain Lightning          Conj/Air       #.........   100%        8    #######
 Lehudib's Crystal Spear  Conj/Erth      #.........   100%        8    #######
 Fire Storm               Conj/Fire      #.........   100%        9    #######
 Glaciate                 Conj/Ice       #.........   100%        9    #######


Dungeon Overview and Level Annotations

Branches:
Dungeon (3/15)

Altars:
Makhleb
Qazlal


Innate Abilities, Weirdness & Mutations

You reflexively headbutt those who attack you in melee.
You have a pair of horns on your head.


Message History

You block the gnoll's attack. The gnoll closely misses you.
You furiously retaliate!
You headbutt the gnoll, but do no damage.
The gnoll barely misses you.
You barely miss the gnoll. Your headbutt misses the gnoll.
The gnoll is moderately wounded.
You block the gnoll's attack.
The gnoll hits you from afar with a spear.
You hit the gnoll.
The gnoll is heavily wounded.
The gnoll hits you with a halberd. The gnoll hits you but does no damage.
You closely miss the gnoll.
The gnoll is heavily wounded.
You block the gnoll's attack. x2
You hit the gnoll.
The gnoll is severely wounded.
The gnoll hits you from afar with a spear!
You block the gnoll's attack. x2
The gnoll hits you from afar with a halberd!
You die...

#...######## #.........#
#..........# #.#.#.#.#.#
##.......#.######.........#
##.#..........##.#.#.#.#.#
#.....(#.###.#..........#
#####.## .............# #.#
#.#...g...#
#.######.##..g..##
##.gbgg.@.###...##
##...####### ##g##
##.....## ###.# #...b...##
##.#.#
#........g####.g..###
..'.........g............#
..#.....#####.##...#.###.#
......... ...###....#
...##.######### #..###


You could see 3 gnolls and a bat.

Vanquished Creatures
  2 gnolls (D:1)
  A worm (D:2)
  A dart slug (D:1)
  A leopard gecko (D:1)
  2 orcs (D:3)
  A ball python (D:3)
  5 bats
  2 giant cockroaches (D:2)
  5 goblins
  3 hobgoblins
  4 jackals (D:1)
  3 frilled lizards
  5 kobolds
  4 rats
39 creatures vanquished.

Notes
Turn   | Place    | Note
-------+----------+-------------------------------------------
     0 | D:1      | Peloso the Minotaur Fighter began the quest for the Orb.
     0 | D:1      | Reached XP level 1. HP: 19/19 MP: 0/0
   219 | D:1      | Reached XP level 2. HP: 24/27 MP: 1/1
   502 | D:1      | Reached XP level 3. HP: 30/33 MP: 2/2
   974 | D:2      | Found a burning altar of Makhleb.
  1455 | D:3      | Found a stormy altar of Qazlal.
  1551 | D:3      | Slain by a gnoll

Skill      XL: |  1  2 |
---------------+-------+-----
Armour         | 4 |  4.1
Shields        | 4 |  4.6
Fighting       | 4 |  4.1
Long Blades    | 3 |  3.2
Dodging        | |  0.1

Action                   || total
-------------------------++-------
Melee: Long sword        ||    98
       Headbutt          ||    14
  Eat: Chunk             ||     1
Armor: Chain mail        ||    58
Dodge: Dodged            ||    23
Block: Shield            ||    60
       Rpst.: Long sword ||     5
